 Dungeon Crawl Stone Soup version 0.30-a0-989-g0d87f670db (webtiles) character file.

Game seed: 12162388408574547970

94 ytrimaz the Magician (level 4, -1/31 HPs)
             Began as a Djinni Fire Elementalist on Apr 3, 2023.
             Slain by an orc
             ... wielding a +2 flail of draining
              (2 damage)
             ... on level 3 of the Dungeon.
             The game lasted 00:03:13 (2554 turns).

ytrimaz the Magician (Djinni Fire Elementalist)     Turns: 2554, Time: 00:03:13

Health: -1/31      AC:  3    Str:  7    XL:     4   Next: 94%
Gold:   109        EV: 12    Int: 18    God:
                   SH:  0    Dex: 14

rFire   + + +      SeeInvis .    (no weapon)
rCold   x . .      Faith    .    e - orb {light}
rNeg    . . .      Spirit   .    b - +1 robe {rC+ rF+}
rPois   ∞          Reflect  .    (no helmet)
rElec   .          Rampage  .    (no cloak)
rCorr   .                        (no gloves)
Will    .....                    (boots unavailable)
Stlth   +                        (no amulet)
HPRegen 0.25/turn                c - ring of fire
MPRegen 0.00/turn                (no ring)

@: flying, glowing
A: sickness immunity, fire resistance 2, cold vulnerability 1, float, innate
caster, HP casting, extra vitality 1
a: no special abilities


You were on level 3 of the Dungeon.
You visited 1 branch of the dungeon, and saw 3 of its levels.

You collected 109 gold pieces.


Innate Abilities, Weirdness & Mutations

You are immune to sickness and miasma.
You are immune to poison.
Your flesh is very heat resistant. (rF++)
You are vulnerable to cold. (rC-)
You float through the air rather than walking.
You learn spells naturally, not from books.
Your magical power is your life essence.
You have superior vitality. (+4 MHP)


   Skills:
 - Level 2.1 Dodging
 - Level 1.5 Stealth
 + Level 4.1 Spellcasting


You knew the following spells:

 Your Spells              Type           Power      Damage    Failure   Level
a - Foxfire               Conj/Fire      100%       2x1d6     2%          1
b - Scorch                Fire           54%        2d8       4%          2
c - Kindle Blastsparks    Fire/Tloc/Air  54%        2d14      9%          3
d - Inner Flame           Hex/Fire       27%        N/A       9%          3
e - Flame Wave            Conj/Fire      27%        2d9       26%         4
f - Shock                 Conj/Air       72%        1d7       2%          1
Your spell library was empty.

Inventory:

Armour
 b - a +1 robe of resistance (worn)
   (You found it on level 2 of the Dungeon)
 e - an orb of light (worn)
   (You found it on level 2 of the Dungeon)
Jewellery
 c - a ring of fire (left hand)
   (You found it on level 1 of the Dungeon)
Wands
 g - a wand of polymorph (2)
   (You found it on level 3 of the Dungeon)
Scrolls
 a - a scroll of teleportation
 d - a scroll of fear
 f - a scroll of fog
 i - a scroll of enchant armour {unknown}
Potions
 h - a potion of lignification {unknown}

Dungeon Overview and Level Annotations

Branches:
Dungeon (3/15) Zot: 15446

Altars:

##.#####.#######...#
....#..............#
##....##.#######...#
#....##.# ##.##
#.....#.# #.#
#.......# #.#
###.##### ###.# #.#
#.o.# #.# #.@o# #+#
#...# ##.## ... ....
.....# ......#
##...#.#


You could see an orc priest (combustible) and an orc.


Message History

😨 HP[-2]
You take 2 damage, and now have 13/31 hp.
Key pressed, stopping explore.
Unknown command.
There is an open door here.
You see here a worm corpse.
Key pressed, stopping explore.
You reach down and open the door.
There is an open door here.
Key pressed, stopping explore.
Key pressed, stopping explore.
i - a scroll labelled MYTTET MYNU 😎 HP[+18]
Your hp is fully restored (31).
An orc priest comes into view.
It is wielding a +0 whip of electrocution.
The orc priest shouts!
An orc comes into view. It is wielding a +0 flail.
The orc priest moves out of view.
Casting: Scorch (safe; 4% risk of failure)
Confirm with . or Enter, or press ? or * to list all spells.
Okay, then.
An orc comes into view. It is wielding a +0 hand axe.
The orc shouts!
You hear a shout!
An orc comes into view. It is wielding a +2 flail of draining.
You feel a surge of power!
You conjure some foxfire! 😕 HP[-1]
You take 1 damage, and now have 30/31 hp.
You feel a surge of power!
You conjure some foxfire!
The foxfire hits the orc.
The orc priest hits you with a +0 whip of electrocution. 😕 HP[-3]
You take 3 damage, and now have 27/31 hp.
Unknown command.
The foxfire hits the orc but does no damage.
The foxfire hits the orc.
Casting: Foxfire (safe; 2% risk of failure)
Confirm with . or Enter, or press ? or * to list all spells.
You feel a surge of power!
Flames lash the orc priest.
The orc priest's fire resistance burns away.
The orc priest closely misses you. 😕 HP[-2]
You take 2 damage, and now have 25/31 hp.
Unknown command.
Casting: Scorch (safe; 4% risk of failure)
Confirm with . or Enter, or press ? or * to list all spells.
You feel a surge of power!
Flames lash the orc.
You kill the orc!
The orc priest closely misses you. 😮 HP[-2]
You take 2 damage, and now have 23/31 hp.
Unknown command.
Casting: Scorch (safe; 4% risk of failure)
Confirm with . or Enter, or press ? or * to list all spells.
You don't know that spell.
You are too injured to fight recklessly!
Casting: Scorch (safe; 4% risk of failure)
Confirm with . or Enter, or press ? or * to list all spells.
You feel a surge of power!
Flames lash the orc.
The orc's fire resistance burns away.
The orc priest barely misses you. 😮 HP[-1]
You take 1 damage, and now have 22/31 hp.
Unknown command.
Casting: Scorch (safe; 4% risk of failure)
Confirm with . or Enter, or press ? or * to list all spells.
You feel a surge of power!
Flames lash the orc.
The orc is burned terribly!
You kill the orc!
The orc priest barely misses you.
The orc hits you with a +2 flail of draining.
* * * LOW HITPOINT WARNING * * *
Unknown command. 😨 HP[-7]
You take 7 damage, and now have 15/31 hp.
MASSIVE DAMAGE!! (PAUSE)
The orc priest is no longer more vulnerable to fire.
The orc priest hits you with a +0 whip of electrocution.
* * * LOW HITPOINT WARNING * * *
The orc closely misses you.
Things that are here:
a +0 hand axe; a +0 leather armour; 😨 HP[-2]
You take 2 damage, and now have 13/31 hp.
Unknown command.
Casting: Scorch (safe; 4% risk of failure)
Confirm with . or Enter, or press ? or * to list all spells.
You feel a surge of power!
Flames lash the orc but do no damage.
* * * LOW HITPOINT WARNING * * *
The orc priest hits you with a +0 whip of electrocution.
* * * LOW HITPOINT WARNING * * *
The orc hits you with a +2 flail of draining.
* * * LOW HITPOINT WARNING * * *
Unknown command. 😱 HP[-6]
You take 6 damage, and now have 7/31 hp.
Casting: Scorch (safe; 4% risk of failure)
Confirm with . or Enter, or press ? or * to list all spells.
You feel a surge of power!
Flames lash the orc priest.
The orc priest's fire resistance burns away.
* * * LOW HITPOINT WARNING * * *
The orc priest hits you with a +0 whip of electrocution.
* * * LOW HITPOINT WARNING * * *
The orc hits you with a +2 flail of draining.
You die...

Skill      XL: |  1  2  3  4 |
---------------+-------------+-----
Spellcasting   | 3 4 |  4.1
Dodging        | |  2.1
Stealth        | |  1.5

Action                     |  1- 3 |  4- 6 || total
---------------------------+-------+-------++-------
  Melee: Unarmed           |     3 |     6 ||     9
   Cast: Foxfire           |    55 |    35 ||    90
         Scorch            |     7 |    14 ||    21
         Shock             |     1 |       ||     1
    Use: Scroll            |     2 |     4 ||     6
 Armour: Robe              |     1 |     2 ||     3
  Dodge: Dodged            |    13 |    13 ||    26

Levels and vault maps discovered:
D:1:      onia_arrival_pyramid, layout_basic, kennysheep_doodads,
          solitary_fountain
D:2:      layout_basic, dreamdust_ecumenical_altar_grove
D:3:      layout_loops_corners

Notes
Turn   | Place    | Note
-------+----------+-------------------------------------------
     0 | D:1      | ytrimaz the Djinni Fire Elementalist began the quest for
                  | the Orb.
     0 | D:1      | ytrimaz set off with the following spells memorised:
                  | Foxfire, Scorch, Kindle Blastsparks, Inner Flame, Flame
                  | Wave.
     0 | D:1      | Reached XP level 1. HP: 15/15 MP: 0/0
     0 | D:1      | magus.rc [v1.9.6]
   126 | D:1      | Reached XP level 2. HP: 19/21 MP: 0/0
   256 | D:1      | Reached skill level 3 in Spellcasting
   421 | D:1      | Reached XP level 3. HP: 14/25 MP: 0/0
   421 | D:1      | Learned a level 1 spell: Shock
   431 | D:1      | HP: 6/25 [dart slug/slug dart (2)]
  1113 | D:2      | Reached XP level 4. HP: 28/31 MP: 0/0
  1577 | D:2      | Found a faded altar of an unknown god.
  2061 | D:3      | Reached skill level 4 in Spellcasting
  2553 | D:3      | HP: 7/31 [orc/+2 flail of draining (2)]
  2554 | D:3      | HP: 1/31 [orc priest/+0 whip of electrocution (5)]
  2554 | D:3      | Slain by an orc

Vanquished Creatures
  2 adders (D:2)
  4 worms
  2 dart slugs
  2 orcs (D:3)
  An endoplasm (D:1)
  3 giant cockroaches
  8 goblins
  7 hobgoblins
  5 jackals
  3 quokkas (D:1)
  4 ball pythons (D:2)
  5 bats
  4 kobolds (D:1)
  3 rats
53 creatures vanquished.

Vanquished Creatures (others)
  124 foxfires
  4 fungi (D:2)
  7 plants (D:2)
135 creatures vanquished.

Grand Total: 188 creatures vanquished

Table legend:
 A = Non-vault XP
 B = Vault XP
 C = Vault XP percentage of total XP
 D = Non-vault monster count
 E = Vault monster count
 F = Vault count percentage of total count
                 A         B        C        D         E       F
            +---------+---------+-------+---------+---------+-------
      Total |     135 |       0 |   0.0 |      53 |       0 |   0.0
            +---------+---------+-------+---------+---------+-------
        D:1 |      40 |       0 |   0.0 |      22 |       0 |   0.0
        D:2 |      74 |       0 |   0.0 |      24 |       0 |   0.0
        D:3 |      21 |       0 |   0.0 |       7 |       0 |   0.0
            +---------+---------+-------+---------+---------+-------

Illustrated notes

Table legend:
 A = Kills in this place as a percentage of kills in the entire game.
 B = Kills by you in this place as a percentage of kills by you in the entire game.
 C = Kills by friends in this place as a percentage of kills by friends in the entire game.
 D = Other kills in this place as a percentage of other kills in the entire game.
 E = Experience gained in this place as a percentage of experience gained in the entire game.
 F = Experience gained in this place divided by the number of levels of this place that you have seen.
                   A       B       C       D       E      F
               +-------+-------+-------+-------+-------+----------------------
         Total | 100.0 | 100.0 |   N/A |   N/A | 100.0 |  45.0
       Dungeon | 100.0 | 100.0 |   N/A |   N/A | 100.0 |  45.0
               +-------+-------+-------+-------+-------+----------------------

Table legend: (Time is in decaauts)
 A = Elapsed time spent in this place.
 B = Non-inter-level travel time spent in this place.
 C = Inter-level travel time spent in this place.
 D = Time resting spent in this place.
 E = Time spent auto-exploring this place.
 F = Levels seen in this place.
 G = Mean time per level.
                   A        B        C        D        E       F      G
               +--------+--------+--------+--------+--------+-----+--------+
         Total |   2553 |   2481 |     72 |      0 |   2119 |   3 |  851.0 |
       Dungeon |   2553 |   2481 |     72 |      0 |   2119 |   3 |  851.0 |
               +--------+--------+--------+--------+--------+-----+--------+

Top non-repeatable levels by time:
     D:2: 1148 daAuts
     D:1: 902 daAuts
     D:3: 501 daAuts
